 Dungeon Crawl Stone Soup version 0.20-a0-1116-gaa52201 (webtiles) character file.

561 namelastname112 the Martial Artist (level 7, 0/57 HPs)
             Began as a Purple Draconian Monk on May 7, 2017.
             Was a Believer of Wu Jian.
             Slain by a killer bee (9 damage)
             ... on level 4 of the Dungeon.
             The game lasted 00:05:29 (4734 turns).

namelastname112 the Martial Artist (DrMo)           Turns: 4734, Time: 00:05:30

Health: 0/57       AC:  7    Str: 10      XL:     7   Next: 9%
Magic:  7/7        EV: 13    Int:  7 (10) God:    Wu Jian [**....]
Gold:   195        SH:  0    Dex: 15 (16) Spells: 6/6 levels left

rFire    . . .     SeeInvis +     - Unarmed
rCold    . . .     Gourm    .   (no shield)
rNeg     . . .     Faith    .   (armour unavailable)
rPois    .         Spirit   .   (helmet restricted)
rElec    .         Reflect  .   w - scarf {repulsion}
rCorr    .         Harm     .   (no gloves)
MR       +....                  b - +0 pair of boots
Stlth    ++........             (no amulet)
Regen    0.2/turn               f - -3 ring of strength (curse)
MPRegen  0.1/turn               o - ring of see invisible

@: lethally poisoned (0 -> -18), repel missiles
A: breathe power, unfitting armour, cold-blooded, AC +6
a: Breathe Dispelling Energy, Renounce Religion


You were on level 4 of the Dungeon.
You worshipped Wu Jian.
Wu Jian was pleased with you.
You were not hungry.

You visited 2 branches of the dungeon, and saw 5 of its levels.

You collected 195 gold pieces.

Inventory:

Armour
 b - a +0 pair of boots (worn)
 w - a scarf of repulsion (worn)
Jewellery
 f - a cursed -3 ring of strength (left hand)
 o - a ring of see invisible (right hand)
 q - a +4 ring of evasion {unknown}
Scrolls
 d - 2 scrolls of recharging
 h - a scroll of fear {unknown}
 i - a scroll of teleportation {unknown}
 j - 2 scrolls of noise {unknown}
 s - a scroll of fog {unknown}
 u - a scroll of remove curse {unknown}
 v - a scroll of blinking {unknown}
 x - a scroll of enchant weapon {unknown}
Potions
 e - a potion of curing
 g - 2 potions of degeneration
 l - a potion of resistance {unknown}
 m - a potion of haste {unknown}
 n - a potion of might {unknown}
 p - a potion of mutation {unknown}
Comestibles
 a - 3 bread rations
 k - 2 royal jellies
 r - a meat ration


   Skills:
 - Level 3.2 Fighting
 - Level 2.6 Dodging
 - Level 1.7 Stealth
 + Level 8.2 Unarmed Combat


You had 6 spell levels left.
You didn't know any spells.

Dungeon Overview and Level Annotations

Branches:
Dungeon (4/15)             Temple (1/1) D:4

Altars:
Ashenzari
Cheibriados
Dithmenos
Elyvilon
Gozag
Kikubaaqudgha
Makhleb
Okawaru
Qazlal
Ru
Sif Muna
Trog
Uskayaw
Vehumet
Wu Jian
Xom
Zin
The Shining One

Annotations:
D:4 Dowan


Innate Abilities, Weirdness & Mutations

You can breathe bolts of dispelling energy.
Your rich purple scales are hard. (AC +6)
You cannot fit into any form of body armour.
You are cold-blooded and may be slowed by cold attacks.


Message History

You have no room to wall jump.
You hit the killer bee but do no damage.
The killer bee is severely wounded.
The killer bee closely misses you. The killer bee stings you.
* * * LOW HITPOINT WARNING * * *
You are more poisoned.
The killer bee poisons you! The killer bee barely misses you. x2
The killer bee stings you.
* * * LOW HITPOINT WARNING * * *
You are more poisoned.
The killer bee poisons you!
You are too injured to fight recklessly!
You take 9 damage, and have 11/57 hp.
You punch the killer bee!
You kill the killer bee!
The Council accepts your kill.
You feel your strength returning.
* * * LOW HITPOINT WARNING * * *
You feel sick. The killer bee stings you!
You die...

#....####....####........###.....
..##...##.....###.....#### #.....
.#####...............## #....# .
##.........#....# ##..## .
##.....#####...# ##.... .
#.....## #...#### #.....
#......## ##.≈≈≈.####.####
###..###..####≈≈≈≈≈.....# #....#
##.y@#_≈≈.≈≈.....# #...##e.#
##y†##≈≈≈≈≈.....## #...# #..#
##y.#.≈≈≈.......### .... ##..
##y##...###...#...# .#.
#..##.####..####..###.. # #.....#
##..##..## ##. #..##.# #..##.##
#. #.####.. ##....### ##. .y ##.#
##..<...###..


You could see 4 killer bees.

Vanquished Creatures
  Duvessa (D:4)
  An ogre (D:4)
  A scorpion (D:4)
  A killer bee (D:4)
  A bullfrog skeleton (D:4)
  Terence (D:3)
  An orc wizard (D:4)
  A worker ant (D:4)
  8 adders
  A worm (D:2)
  4 dart slugs
  2 leopard geckos (D:1)
  9 orcs
  12 bats
  2 giant cockroaches
  7 goblins
  13 hobgoblins
  4 jackals (D:4)
  4 ball pythons
  4 frilled lizards
  7 kobolds
  A leopard gecko skeleton (D:4)
  6 rats
92 creatures vanquished.

Notes
Turn   | Place    | Note
-------+----------+-------------------------------------------
     0 | D:1      | namelastname112 the Draconian Monk began the quest for the Orb.
     0 | D:1      | Reached XP level 1. HP: 19/19 MP: 1/1
   211 | D:1      | Reached XP level 2. HP: 24/26 MP: 2/2
   639 | D:1      | Reached skill level 4 in Unarmed Combat
   796 | D:1      | Reached XP level 3. HP: 24/31 MP: 3/3
  1536 | D:2      | Found a faded altar of an unknown god.
  1649 | D:2      | Reached XP level 4. HP: 27/38 MP: 4/4
  1854 | D:2      | Found a shimmering altar of Xom.
  1861 | D:2      | Reached skill level 5 in Unarmed Combat
  1949 | D:2      | You fall through a shaft!
  2369 | D:3      | Noticed Terence
  2459 | D:3      | Killed Terence
  2470 | D:3      | Reached XP level 5. HP: 11/45 MP: 5/5
  3004 | D:3      | Reached skill level 6 in Unarmed Combat
  3368 | D:4      | Found a snail-covered altar of Cheibriados.
  3397 | D:4      | Noticed Dowan
  3589 | D:4      | Reached XP level 6. HP: 29/51 MP: 6/6
  3863 | D:4      | Found a staircase to the Ecumenical Temple.
  3921 | D:4      | Reached skill level 7 in Unarmed Combat
  3969 | Temple   | Entered the Ecumenical Temple
  4129 | Temple   | Became a worshipper of the Wu Jian Council
  4129 | Temple   | Reached * piety under Wu Jian
  4129 | Temple   | Reached ** piety under Wu Jian
  4606 | D:4      | Noticed Duvessa
  4637 | D:4      | Killed Duvessa
  4637 | D:4      | Reached skill level 8 in Unarmed Combat
  4637 | D:4      | Your scales start taking on a rich purple colour.
  4637 | D:4      | Reached XP level 7. HP: 32/57 MP: 7/7
  4734 | D:4      | Slain by a killer bee

Vault maps used:
D:1:      dpeg_arrival_concentric_ovals, hangedman_decor_slide_cut,
          minmay_tall_x
D:2:      xom_teletrap_fun, chequers_ecumenical_altar_simple_redux
D:3:      uniq_terence
D:4:      kennysheep_slug_shrine, minmay_temple_entry_grid, first_bread,
          uniq_duvessa
Temple:   regret_index_temple_sphere_string

Skill      XL: |  1  2  3  4  5  6 |
---------------+-------------------+-----
Unarmed Combat | 4 5 6 8 |  8.2
Fighting       | |  3.2
Dodging        | |  2.6
Stealth        | |  1.7

Action                   |  1- 3 |  4- 6 |  7- 9 || total
-------------------------+-------+-------+-------++-------
Melee: Unarmed           |   166 |   209 |     8 ||   383
       Tailslap          |    15 |    20 |     1 ||    36
       Punch             |     2 |     5 |       ||     7
  Use: Scroll            |       |     2 |       ||     2
       Potion            |       |     3 |       ||     3
 Stab: Sleeping          |     4 |     8 |       ||    12
  Eat: Chunk             |     2 |    10 |       ||    12
Armor: Skin              |    52 |    51 |     3 ||   106
Dodge: Dodged            |   116 |   158 |    13 ||   287
